 Dungeon Crawl Stone Soup version 0.30-a0-728-gc68057be0a (webtiles) character file.

Game seed: 7107475164292217619

6565 hikkokomori the Carver (level 11, -11/89 HPs)
             Began as a Merfolk Gladiator on Jan 30, 2023.
             Was a Priest of Okawaru.
             Mangled by Erica
             ... wielding a +0 scimitar of flaming
              (14 damage)
             ... on level 9 of the Dungeon.
             The game lasted 00:19:47 (9357 turns).

hikkokomori the Carver (Merfolk Gladiator)          Turns: 9357, Time: 00:19:48

Health: -11/89     AC: 11    Str: 16    XL:     11   Next: 1%
Magic:  19/19      EV: 17    Int: 15    God:    Okawaru [***...]
Gold:   112        SH:  7    Dex: 19    Spells: 14/20 levels left

rFire   + + .      SeeInvis .    B - +5 scimitar (heavy)
rCold   + . .      Faith    .    P - +1 buckler {rC+ rF+}
rNeg    . . .      Spirit   .    v - +1 leather armour of Xietietux {Str-5 Int+4}
rPois   +          Reflect  .    E - +2 hat {Int+3}
rElec   .          Harm     .    (no cloak)
rCorr   .          Rampage  .    z - +2 pair of gloves
Will    .....                    u - +0 pair of boots
Stlth   ++++                     r - amulet of magic regeneration
HPRegen 0.34/turn                g - ring of poison resistance
MPRegen 0.56/turn                k - +6 ring of strength

@: heroic, unable to drink
A: (nimble swimmer 2), mertail, claws 1, fire resistance 1, sense surroundings
1, inability to drink after injury 1
a: Renounce Religion, Heroism


You were on level 9 of the Dungeon.
You worshipped Okawaru.
Okawaru was most pleased with you.
You visited 2 branches of the dungeon, and saw 10 of its levels.
You also visited: Ossuary.

You collected 343 gold pieces.
You spent 231 gold pieces at shops.

Inventory:

Hand Weapons
 a - a +2 long sword
 B - a +5 heavy scimitar (weapon)
 N - a +5 long sword
Missiles
 i - 5 javelins (quivered)
 M - a throwing net
Armour
 b - a +0 leather armour
 n - a +0 ring mail
 q - a +0 chain mail
 u - a +0 pair of boots (worn)
 v - the +1 leather armour of Xietietux (worn) {Str-5 Int+4}
   (You found it on level 3 of the Dungeon)

   Str:       It affects your strength (-5).
   Int:       It affects your intelligence (+4).
 z - a +2 pair of gloves (worn)
 E - a +2 hat of intelligence (worn)
 H - a +0 kite shield
 O - a +2 robe of willpower
 P - a +1 buckler of resistance (worn)
Jewellery
 d - a ring of fire
 g - a ring of poison resistance (left hand)
 j - a +6 ring of intelligence
 k - a +6 ring of strength (right hand)
 r - an amulet of magic regeneration (around neck)
 y - a ring of willpower
 A - a ring of magical power
Wands
 e - a wand of roots (5)
 t - a wand of light (10)
 K - a wand of flame (11)
Scrolls
 c - a scroll of identify
 C - a scroll of acquirement {unknown}
 D - a scroll of butterflies {unknown}
 F - a scroll of teleportation {unknown}
 G - 2 scrolls of amnesia
 I - a scroll of fear {unknown}
 J - 2 scrolls of poison
 L - a scroll of vulnerability {unknown}
 Q - a scroll of magic mapping
Potions
 f - 3 potions of curing
 h - 4 potions of brilliance
 l - 2 potions of resistance
 m - a potion of invisibility
 o - 3 potions of mutation
 p - 2 potions of heal wounds
 s - a potion of might
 w - 2 potions of flight
 x - a potion of cancellation


   Skills:
 + Level 9.2(14.2) Fighting
 + Level 10.4(15.4) Long Blades
 - Level 2.0(7.0) Throwing
 - Level 4.5(9.5) Dodging
 - Level 5.2(10.2) Stealth
 + Level 1.9(6.9) Shields
 - Level 5.3 Spellcasting
 - Level 5.4 Transmutations
 + Level 6.9 Poison Magic
 - Level 3.3 Invocations


You had 14 spell levels left.
You knew the following spells:

 Your Spells              Type           Power      Damage    Failure   Level
a - Wereblood             Tmut           20%        N/A       3%          2
c - Olgreb's Toxic Radia  Pois           24%        N/A       14%         4

Your spell library contained the following spells:

 Spells                   Type           Power      Damage    Failure   Level
 Sting                    Tmut/Pois      88%        1d7       1%          1
 Poisonous Vapours        Pois/Air       28%        N/A       9%          2
 Passwall                 Tmut/Erth      10%        N/A       12%         2
 Cigotuvi's Dreadful Rot  Necr/Pois/Air  20%        N/A       14%         2
 Freeze                   Ice            16%        1d4       24%         1
 Necrotise                Necr           16%        1d4       24%         1
 Sandblast                Erth           8%         2d5       24%         1
 Sublimation of Blood     Necr           4%         N/A       34%         2
 Dazzling Flash           Conj/Hex       8%         N/A       56%         3
 Frozen Ramparts          Ice            8%         1d2       56%         3
 Hailstorm                Conj/Ice       4%         3d4       56%         3
 Inner Flame              Hex/Fire       4%         N/A       56%         3
 Portal Projectile        Hex/Tloc       8%         N/A       56%         3
 Stone Arrow              Conj/Erth      8%         3d7       56%         3
 Vampiric Draining        Necr           4%         2d6       56%         3
 Vhi's Electric Charge    Tloc/Air       8%         N/A       56%         3
 Dispel Undead            Necr           4%         3d7       93%         4
 Flame Wave               Conj/Fire      4%         2d5       93%         4
 Leda's Liquefaction      Hex/Erth       2%         N/A       93%         4
 Sticky Flame             Conj/Fire      4%         2d3       93%         4
 Agony                    Necr           4%         N/A       100%        5
 Arcjolt                  Conj/Air       2%         1d12      100%        5
 Iskenderun's Battlesphe  Conj           4%         2d6       100%        5
 Silence                  Hex/Air        2%         N/A       100%        5
 Iron Shot                Conj/Erth      2%         9d2       100%        6
 Maxwell's Capacitive Co  Air            2%         ∞         100%        8
 Call Canine Familiar     Summ           Unusable   N/A       N/A         3
 Death Channel            Necr           Unusable   N/A       N/A         6
 Spellforged Servitor     Conj/Summ      Unusable   N/A       N/A         7
 Summon Hydra             Summ           Unusable   N/A       N/A         7

Dungeon Overview and Level Annotations

Branches:
Dungeon (9/15)             Temple (1/1) D:5            Lair (0/5) D:9
Ossuary (visited)
    Orc: D:9-12

Altars:
Ashenzari
Cheibriados
Hepliaklqana
Makhleb
Nemelex Xobeh
Okawaru
Qazlal
Ru
Uskayaw
Vehumet
Wu Jian

Shops:
D:3 (   D:8 *

Annotations:
D:5 2 transporters, Valagong's ghost, amateur MiFi
D:9 Erica


Innate Abilities, Weirdness & Mutations

((You are very nimble when in or above water. (Stealth+, EV+, Speed+++)))
Your lower body shifts to a powerful aquatic tail in water.
You have sharp fingernails.
Your flesh is heat resistant. (rF+)
You passively map a small area around you.
You occasionally lose the ability to drink potions when taking damage.


Message History

The centaur completely misses you.
You strike the helpless centaur from behind!
You open the centaur like a pillowcase!!!
You kill the centaur!
Okawaru accepts your kill.
You can now speed up your combat.
You hit the warg but do no damage. The warg closely misses you.
The warg barely misses you.
You barely miss the warg. The warg barely misses you.
You slice the warg like a ripe choko!!!
You kill the warg!
Okawaru accepts your kill.
The howler monkey hoots and howls with incredible vigour!
You have reached level 11!
Deactivating autopickup; reactivate with Ctrl-A.
You closely miss something. Something completely misses you.
The howler monkey hoots and howls with incredible vigour!
You slice something!! Something hits you.
* * * LOW HITPOINT WARNING * * *
You slash something!
You feel like a meek peon again. You block something's attack.
You miss something. Something hits you but does no damage.
You barely miss something. Something hits you!
You feel threatened and lose the ability to drink potions!
* * * LOW HITPOINT WARNING * * *
Something burns you.
* * * LOW HITPOINT WARNING * * *
Something hits you.
* * * LOW HITPOINT WARNING * * *
You cannot drink potions in your current state!
Unknown command.
Okay, then.
You gain the combat prowess of a mighty hero.
You can no longer speed up your combat.
Something barely misses you.
Aiming: Bolt of Light
Press: ? - help, Shift-Dir - straight line Something hits you but does no damage.
Something hits you!
You die...

*#.....# ,,, #...## * #* *
##..h# .# ###.###.#
#.....# ###)### #h#######
### #o#..)).# #<# ##
#)#@###.# #####.# .# #...#
#)# #.....#
.###################.#
#.#####
.........[...........# #.#
.#######################.#
.# #.................#
.#######.#################
.(.......# ##########


There were no monsters in sight!

Vanquished Creatures
  Gastronok (D:8)
  Pikel (D:5)
  Joseph (D:7)
  Grinder (D:5)
  Prince Ribbit (D:5)
  Sigmund (D:6)
  A wyvern (D:9)
  Menkaure (D:7)
  Edmund (D:5)
  2 wargs (D:9)
  Duvessa (D:7)
  3 water moccasins
  A sky beast (D:7)
  An orc warrior (D:9)
  2 ice beasts
  2 centaurs
  2 lemures (D:5)
  A phantom (D:4)
  2 kobold brigands
  Blork the orc (D:6)
  2 necrophages (D:8)
  3 bullfrogs
  2 scorpions
  10 wights
  Dowan (D:7)
  5 killer bees (D:8)
  4 howler monkeys
  3 orc priests
  4 hounds
  A gnoll bouda (D:5)
  3 jellies
  4 iguanas
  11 orc wizards
  13 mummies (Ossuary)
  3 gnolls (D:5)
  5 adders
  A shadow imp (D:7)
  An ufetubus (D:6)
  2 worms
  2 dart slugs
  23 orcs
  7 endoplasms
  6 giant cockroaches
  3 goblins
  6 hobgoblins
  2 jackals (D:4)
  2 quokkas (D:3)
  3 ball pythons
  6 bats
  A frilled lizard (D:3)
  2 gnoll skeletons (Ossuary)
  3 goblin skeletons (Ossuary)
  18 kobolds
  A kobold skeleton (Ossuary)
  2 orc skeletons (Ossuary)
  3 rats
  11 rat skeletons (Ossuary)
  2 rat zombies (D:7)
208 creatures vanquished.

Vanquished Creatures (others)
  An orc (D:9)
  A plant (D:9)
2 creatures vanquished.

Grand Total: 210 creatures vanquished

Notes
Turn   | Place    | Note
-------+----------+-------------------------------------------
     0 | D:1      | hikkokomori the Merfolk Gladiator began the quest for the
                  | Orb.
     0 | D:1      | Reached XP level 1. HP: 16/16 MP: 1/1
   189 | D:1      | Found a faded altar of an unknown god.
   345 | D:1      | Reached XP level 2. HP: 23/23 MP: 2/2
   451 | D:1      | Reached skill level 4 in Long Blades
  1240 | D:2      | Reached XP level 3. HP: 27/28 MP: 3/3
  1661 | D:3      | Found Aseatz's Antique Weapon Shoppe.
  1693 | D:3      | Found a burning altar of Makhleb.
  1823 | D:3      | Reached skill level 1 in Stealth
  1993 | D:3      | Identified the +1 leather armour of Xietietux {Str-5 Int+4}
  2067 | D:3      | Reached XP level 4. HP: 35/35 MP: 4/4
  2222 | D:3      | Learned a level 2 spell: Wereblood
  2456 | D:3      | Found a hazy altar of Hepliaklqana.
  2669 | D:4      | Noticed a phantom
  2696 | D:4      | Killed a phantom
  2697 | D:4      | Reached skill level 1 in Transmutations
  2697 | D:4      | Reached XP level 5. HP: 13/42 MP: 5/5
  2876 | D:4      | Reached skill level 5 in Long Blades
  3249 | D:4      | Reached XP level 6. HP: 48/48 MP: 6/6
  3308 | D:4      | Found a sacrificial altar of Ru.
  3349 | D:5      | Entered Level 5 of the Dungeon
  3349 | D:5      | Noticed Prince Ribbit
  3368 | D:5      | Killed Prince Ribbit
  3369 | D:5      | Reached XP level 7. HP: 15/55 MP: 7/7
  3506 | D:5      | Noticed Pikel
  3535 | D:5      | Reached skill level 6 in Long Blades
  3537 | D:5      | Killed Pikel
  3538 | D:5      | Reached skill level 5 in Fighting
  3538 | D:5      | Reached skill level 5 in Stealth
  3538 | D:5      | Reached skill level 5 in Transmutations
  3538 | D:5      | Reached XP level 8. HP: 27/63 MP: 8/8
  3692 | D:5      | Learned a level 1 spell: Sting
  3694 | D:5      | Found a snail-covered altar of Cheibriados.
  3696 | D:5      | Found a hide-covered altar of Uskayaw.
  3754 | D:5      | Noticed Grinder
  3764 | D:5      | Reached skill level 7 in Long Blades
  3764 | D:5      | Reached skill level 1 in Poison Magic
  3851 | D:5      | Paralysed by Grinder for 4 turns
  3870 | D:5      | Killed Grinder
  3871 | D:5      | Reached skill level 1 in Spellcasting
  4042 | D:5      | Noticed Edmund
  4067 | D:5      | Killed Edmund
  4262 | D:5      | Found a staircase to the Ecumenical Temple.
  4292 | Temple   | Entered the Ecumenical Temple
  4350 | Temple   | Became a worshipper of Warmaster Okawaru
  4435 | D:5      | Learned a level 4 spell: Olgreb's Toxic Radiance
  4648 | D:5      | Found a transporter.
  4650 | D:5      | Found a transporter.
  4650 | D:5      | Noticed Valagong's ghost (amateur MiFi)
  5013 | D:6      | Reached XP level 9. HP: 55/70 MP: 12/12
  5262 | D:6      | Noticed Blork the orc
  5281 | D:6      | Killed Blork the orc
  5468 | D:6      | Reached skill level 1 in Invocations
  5491 | D:6      | Reached skill level 8 in Long Blades
  5890 | D:6      | Noticed Sigmund
  5898 | D:6      | Killed Sigmund
  5898 | D:6      | Reached * piety under Okawaru
  6261 | D:7      | Noticed Menkaure
  6265 | D:7      | Found a sand-covered staircase.
  6272 | Ossuary  | Entered an ossuary
  6788 | D:7      | Reached ** piety under Okawaru
  7084 | D:7      | Noticed Joseph
  7090 | D:7      | Noticed Duvessa
  7104 | D:7      | Killed Joseph
  7104 | D:7      | Noticed Dowan
  7105 | D:7      | Reached skill level 9 in Long Blades
  7105 | D:7      | Reached skill level 5 in Poison Magic
  7105 | D:7      | Reached XP level 10. HP: 28/80 MP: 13/16
  7140 | D:7      | Gained mutation: You have sharp fingernails. [potion of
                  | mutation]
  7140 | D:7      | Gained mutation: You occasionally lose the ability to drink
                  | potions when taking damage. [potion of mutation]
  7140 | D:7      | Gained mutation: You passively map a small area around you.
                  | [potion of mutation]
  7140 | D:7      | Gained mutation: Your flesh is heat resistant. (rF+)
                  | [potion of mutation]
  7144 | D:7      | Killed Duvessa
  7372 | D:7      | Killed Dowan
  7463 | D:7      | Killed Menkaure
  8011 | D:8      | Found a stormy altar of Qazlal.
  8017 | D:8      | Noticed Gastronok
  8033 | D:8      | Killed Gastronok
  8033 | D:8      | Reached *** piety under Okawaru
  8066 | D:8      | Reached skill level 5 in Spellcasting
  8542 | D:8      | Found Tinevva's Assorted Antiques.
  8593 | D:8      | Reached skill level 10 in Long Blades
  8762 | D:8      | Bought a runed buckler for 165 gold pieces
  8762 | D:8      | Bought a potion of curing for 66 gold pieces
  9238 | D:9      | Reached skill level 1 in Shields
  9302 | D:9      | Found a staircase to the Lair.
  9319 | D:9      | Reached **** piety under Okawaru
  9334 | D:9      | Noticed Erica
  9349 | D:9      | Reached XP level 11. HP: 21/89 MP: 19/19
  9353 | D:9      | HP: 2/89 [something (5)]
  9357 | D:9      | Mangled by Erica

Illustrated notes

Levels and vault maps discovered:
D:1:      dpeg_arrival_circle_labyrinth_b, layout_basic,
          dreamdust_ecumenical_altar_hidden_monk_grotto, minmay_tetromino_t2
D:2:      layout_basic, serial_bayou_lagoon_a, serial_park_tiny_2
D:3:      layout_loops_ring, overflow_temple_1_default,
          mainiacjoe_overflow_alcove_2, serial_shops, nicolae_shop_statue_plus,
          chequers_decorated_corner, st_stairs_13, minmay_pentangle
D:4:      layout_loops_ring, nicolae_overflow_hidden_temple
D:5:      layout_loops_cross, jmf_multi_god_temple, temple_pool_b,
          gammafunk_ghost_mausoleum, uniq_grinder, uniq_edmund,
          uniq_prince_ribbit1, uniq_pikel
D:6:      layout_loops_corners, chequers_garden, kennysheep_generic_room_11,
          uniq_blork_the_orc, uniq_sigmund
D:7:      layout_basic, enter_ossuary_4, corexii_leaking_fountain,
          nicolae_kite_square_tiling_tiny, eino_tiny_chamber, uniq_duvessa,
          uniq_menkaure, uniq_joseph
D:8:      layout_loops_ring, mainiacjoe_overflow_tiny_flanked, serial_shops,
          shop, uniq_gastronok
D:9:      layout_basic, mainiacjoe_overflow_alcove_4, erik_lair_orcish_takeover,
          serial_shops, shop, uniq_erica
Temple:   oiseaux_autumnal_temple

Skill      XL: |  1  2  3  4  5  6  7  8  9 10 |
---------------+-------------------------------+-----
Long Blades    | 4 5 6 7 9 10 | 10.4
Fighting       | 3 4 5 6 7 9 |  9.2
Stealth        | 1 2 3 5 |  5.2
Transmutations | 1 2 3 5 |  5.4
Poison Magic   | 2 5 6 |  6.9
Spellcasting   | 2 4 5 |  5.3
Invocations    | 3 |  3.3
Shields        | 1 |  1.9
Throwing       | |  2.0
Dodging        | |  4.5

Action                     |  1- 3 |  4- 6 |  7- 9 | 10-12 || total
---------------------------+-------+-------+-------+-------++-------
  Melee: Long sword        |   107 |   108 |   132 |       ||   347
         Punch             |     1 |     1 |     5 |     4 ||    11
         Scimitar          |       |       |   183 |   137 ||   320
  Throw: Javelin           |       |       |    10 |     3 ||    13
         Throwing net      |       |       |    11 |       ||    11
   Cast: Wereblood         |       |       |     4 |       ||     4
 Invoke: Heroism           |       |       |     1 |     4 ||     5
  Evoke: Wand              |       |       |     4 |     5 ||     9
    Use: Scroll            |       |     4 |    11 |     6 ||    21
         Potion            |       |     1 |     5 |     2 ||     8
   Stab: Sleeping          |       |     1 |    14 |     1 ||    16
         Held in net/web   |       |       |     5 |       ||     5
         Invisible         |       |       |     3 |     4 ||     7
 Armour: Leather armour    |     8 |       |    63 |    47 ||   118
         Ring mail         |    26 |    42 |    36 |       ||   104
  Dodge: Dodged            |    75 |    86 |   176 |   115 ||   452
  Block: Buckler           |       |       |       |     9 ||     9

Table legend: (Time is in decaauts)
 A = Elapsed time spent in this place.
 B = Non-inter-level travel time spent in this place.
 C = Inter-level travel time spent in this place.
 D = Time resting spent in this place.
 E = Time spent auto-exploring this place.
 F = Levels seen in this place.
 G = Mean time per level.
                   A        B        C        D        E       F      G
               +--------+--------+--------+--------+--------+-----+--------+
         Total |   9401 |   9028 |    373 |    406 |   6846 |  11 |  854.6 |
       Dungeon |   8916 |   8571 |    345 |    406 |   6553 |   9 |  990.7 |
        Temple |     77 |     49 |     28 |      0 |     42 |   1 |   77.0 |
       Ossuary |    407 |    407 |      0 |      0 |    250 |   1 |  407.0 |
               +--------+--------+--------+--------+--------+-----+--------+

Top non-repeatable levels by time:
     D:6: 1439 daAuts
     D:7: 1425 daAuts
     D:5: 1345 daAuts
     D:1: 1138 daAuts
     D:8: 1135 daAuts
     D:3: 926 daAuts
     D:4: 817 daAuts
     D:2: 493 daAuts
 Ossuary: 407 daAuts
     D:9: 193 daAuts
  Temple: 77 daAuts
